 Dungeon Crawl Stone Soup version 0.17-a0-1882-g750edc8 (webtiles) character file.

47 Banto the Chucker (level 3, 0/39 HPs)
             Began as an Ogre Hunter on Sept 22, 2015.
             Slain by a quokka (2 damage)
             ... on level 2 of the Dungeon.
             The game lasted 00:01:46 (1538 turns).

Banto the Chucker (Ogre Hunter)                     Turns: 1538, Time: 00:01:46

Health: 0/39       AC:  3    Str: 17    XL:     3   Next: 70%
Magic:  3/3        EV: 10    Int: 10    God:
Gold:   52         SH:  0    Dex: 11    Spells: 0 memorised, 2 levels left

rFire  . . .     SeeInvis .     j - -2 mace (curse)
rCold  . . .     Clarity  .     d - +0 robe
rNeg   . . .     SustAt   .     (no shield)
rPois  .         Gourm    .     (helmet restricted)
rElec  .         Spirit   .     (no cloak)
rCorr  .         Warding  .     (gloves unavailable)
rMut   +         Stasis   .     (boots unavailable)
MR     .....                    m - amulet of resist mutation
Stlth  +.........               (no ring)
                                (no ring)

@: lethally poisoned (0 -> -3), not resistant to hostile enchantments, very
unstealthy
A: unfitting armour, tough skin 1
a: no special abilities


You were on level 2 of the Dungeon.
You were not hungry.

You visited 1 branch of the dungeon, and saw 2 of its levels.

You collected 52 gold pieces.

Inventory:

Hand weapons
 c - a +0 short sword
 j - a cursed -2 mace (weapon)
Missiles
 a - 4 large rocks (quivered)
 b - 2 throwing nets
Armour
 d - a +0 robe (worn)
Jewellery
 m - an amulet of resist mutation (around neck)
Scrolls
 g - a scroll of enchant armour {unknown}
 i - a scroll of amnesia {unknown}
 k - a scroll of identify {unknown}
 l - 2 scrolls of magic mapping {unknown}
 o - 2 scrolls of remove curse {unknown}
 q - a scroll of enchant weapon {unknown}
 r - a scroll of blinking {unknown}
Potions
 f - 4 potions of curing {unknown}
 h - a potion of resistance {unknown}
 n - 2 potions of heal wounds {unknown}
Comestibles
 e - a bread ration
 p - a chunk of flesh


   Skills:
 + Level 4.0 Fighting
 + Level 5.2 Throwing
 - Level 1.7 Dodging
 - Level 0.7 Stealth


You had 2 spell levels left.
You didn't know any spells.

Dungeon Overview and Level Annotations

Branches:
Dungeon (2/15)

Altars:
Fedhas
Gozag


Innate Abilities, Weirdness & Mutations

You are too large for most types of armour.
You have tough skin (AC +1).


Message History

* * * LOW HITPOINT WARNING * * *
The quokka barely misses you.
You are too injured to fight recklessly!
You are too injured to fight recklessly!
You miss the adder.
The adder is moderately wounded.
You feel sick. The adder bites you.
* * * LOW HITPOINT WARNING * * *
The hobgoblin closely misses you. The quokka barely misses you.
The adder closely misses you. The hobgoblin hits you.
* * * LOW HITPOINT WARNING * * *
The quokka bites you.
* * * LOW HITPOINT WARNING * * *
Throwing (i - inventory. (,) - cycle):
a - 5 large rocks (quivered)
Press: ? - help, Shift-Dir - straight line, f - adder
Aim: an adder (moderately wounded)
You throw a large rock. The large rock misses the adder.
The adder bites you.
* * * LOW HITPOINT WARNING * * *
The quokka bites you.
You die...

....####..###......#.............
....##......#.####...............
....#......................).....
...#...........####.........>....
..............## #..............
...........[..# #..............
#.............# ##..............
#.............####...........#...
###...........)r@g...........#...
#...).....###S###..........#...
#........##≈#'#≈##.........# .
#........##_..._##.........#
#.........#######..g.....#.#
#..............# #.#....##
#............... ...[
#.#........###.. ###.#.......## #


You could see an adder, a quokka and a hobgoblin.

Vanquished Creatures
  An ooze (D:2)
  A worm (D:2)
  A giant gecko (D:2)
  3 bats (D:1)
  9 goblins
  6 hobgoblins
  2 jackals (D:2)
  A giant cockroach (D:1)
  2 giant newts (D:2)
  3 kobolds
  9 rats
38 creatures vanquished.

Notes
Turn   | Place    | Note
--------------------------------------------------------------
     0 | D:1      | Banto the Ogre Hunter began the quest for the Orb.
     0 | D:1      | Reached XP level 1. HP: 22/22 MP: 1/1
   304 | D:1      | Reached XP level 2. HP: 31/31 MP: 2/2
   852 | D:1      | Reached XP level 3. HP: 37/39 MP: 3/3
  1344 | D:2      | Reached skill level 5 in Throwing
  1527 | D:2      | Found an opulent altar of Gozag.
  1527 | D:2      | Found a blossoming altar of Fedhas.
  1538 | D:2      | Slain by a quokka

Vault maps used:
D:1:      saegor_arrival_simple_a, roderic_roman_lattice
D:2:      gammafunk_temple_overflow_elements, uniq_sigmund

Action                   || total
-------------------------++-------
Melee: Short sword       ||    42
       Mace              ||   148
Throw: Large rock        ||     2
 Stab: Sleeping          ||     1
  Eat: Chunk             ||     2
